 Dungeon Crawl Stone Soup version 0.30-a0-457-g4b7bca3bfa (webtiles) character file.

Game seed: 823177505246940847

61 Colgate the Digger (level 4, -2/24 HPs)
             Began as a Gargoyle Earth Elementalist on Dec 12, 2022.
             Killed from afar by an orc wizard (10 damage)
             ... with a puff of flame
             ... on level 2 of the Dungeon.
             The game lasted 00:08:08 (1704 turns).

Colgate the Digger (Gargoyle Earth Elementalist)    Turns: 1704, Time: 00:08:08

Health: -2/24      AC:  5    Str: 11    XL:     4   Next: 7%
Magic:  0/7        EV: 11    Int: 18    God:
Gold:   26         SH:  0    Dex: 10    Spells: 1/7 levels left

rFire   . . .      SeeInvis .    a - +0 quarterstaff
rCold   . . .      Faith    .    (shield currently unavailable)
rNeg    + . .      Spirit   .    l - +0 robe
rPois   ∞          Reflect  .    (no helmet)
rElec   +          Harm     .    (no cloak)
rCorr   .          Rampage  .    (no gloves)
Will    +....                    (no boots)
Stlth   ++........               (no amulet)
HPRegen 0.24/turn                d - ring of wizardry
MPRegen 0.10/turn                k - ring of willpower

@: no status effects
A: sickness immunity, AC +3, negative energy resistance 1, electricity
resistance, torment resistance 1, petrification resistance
a: no special abilities


You were on level 2 of the Dungeon.
You visited 1 branch of the dungeon, and saw 2 of its levels.

You collected 26 gold pieces.

Inventory:

Hand Weapons
 a - a +0 quarterstaff (weapon)
Missiles
 c - 3 javelins
Armour
 l - a +0 robe (worn)
Jewellery
 d - a ring of wizardry (left hand)
 e - a ring of positive energy
 k - a ring of willpower (right hand)
Scrolls
 f - a scroll of identify {unknown}
 g - a scroll of amnesia {unknown}
 i - a scroll of noise {unknown}
Potions
 b - a potion of magic
 h - a potion of curing {unknown}
 j - a potion of attraction {unknown}


   Skills:
 - Level 1.5 Dodging
 - Level 2.1 Stealth
 - Level 2.0 Spellcasting
 - Level 0.7 Transmutations
 + Level 5.8 Earth Magic


You had one spell level left.
You knew the following spells:

 Your Spells              Type           Power      Damage    Failure   Level
a - Sandblast             Erth           44%        2d11      1%          1
b - Passwall              Tmut/Erth      10%        N/A       2%          2
c - Stone Arrow           Conj/Erth      24%        3d8       6%          3

Your spell library contained the following spells:

 Spells                   Type           Power      Damage    Failure   Level
 Petrify                  Tmut/Erth      13%        N/A       19%         4


Dungeon Overview and Level Annotations

Branches:
Dungeon (2/15)

Altars:

Annotations:
D:2 1 runed translucent door, Crazy Yiuf


Innate Abilities, Weirdness & Mutations

You are immune to sickness and miasma.
Your stone body is resilient. (AC +3)
You are immune to poison.
You resist negative energy. (rN+)
You are resistant to electric shocks. (rElec)
You are resistant to unholy torment.
You are immune to petrification.


Message History

The blast of sand misses the orc.
The blast of sand hits the orc!
You kill the orc!
The orc barely misses you. The orc closely misses you.
The blast of sand hits the orc.
You kill the orc!
An orc wizard comes into view.
It is wielding a +0 dagger of protection.
The blast of sand hits the orc wizard!
The orc wizard points at you and mumbles some strange words.
You resist with almost no effort.
The blast of sand hits the orc wizard but does no damage.
The orc wizard points at you and mumbles some strange words.
The magic dart hits you!
The blast of sand hits the orc wizard but does no damage.
The orc wizard hits you but does no damage.
The blast of sand hits the orc wizard but does no damage.
The orc wizard points at you and mumbles some strange words.
The puff of flame misses you.
You hit the orc wizard.
The orc wizard gestures at you while chanting.
The puff of flame hits you!
You closely miss the orc wizard.
The orc wizard hits you with a +0 dagger of protection. x2
You miss the orc wizard. The orc wizard completely misses you.
Aiming: Sandblast (safe; 1% risk of failure)
Aim: an orc wizard, wielding a +0 dagger of protection and wearing a +0 robe (severely wounded, 79% to hit)
The blast of sand misses the orc wizard.
The orc wizard hits you with a +0 dagger of protection.
* * * LOW HITPOINT WARNING * * *
You closely miss the orc wizard.
The orc wizard hits you but does no damage.
The orc wizard points at you and mumbles some strange words.
You resist with almost no effort.
You hit the orc wizard but do no damage.
The orc wizard hits you but does no damage.
You hit the orc wizard but do no damage.
The orc wizard hits you but does no damage.
You barely miss the orc wizard.
The orc wizard points at you and mumbles some strange words.
The puff of flame hits you!
You die...

#....###+#..†..#.#########.#
##+##......)##.#.# #.#
#.......##.#.# #.#
#.......##.#.# ...
#.....#.##.#.... #.#
#.....#.##...#.# #.#
#.....#.######.# #.#
####+##.# #.. # #@# #). #
#o### #o# #...# #)#
###.###.########
#.............
#.###.######## #.##.## #....
####.


You could see an orc wizard.

Vanquished Creatures
  An adder (D:2)
  2 orcs (D:2)
  5 bats
  3 endoplasms
  2 giant cockroaches (D:1)
  3 goblins
  3 hobgoblins
  4 jackals (D:2)
  4 quokkas
  4 ball pythons
  5 frilled lizards
  4 kobolds
  8 rats
48 creatures vanquished.

Notes
Turn   | Place    | Note
-------+----------+-------------------------------------------
     0 | D:1      | Colgate the Gargoyle Earth Elementalist began the quest for
                  | the Orb.
     0 | D:1      | Reached XP level 1. HP: 10/10 MP: 3/3
   109 | D:1      | Reached skill level 4 in Earth Magic
   143 | D:1      | Reached XP level 2. HP: 15/15 MP: 1/5
   258 | D:1      | Learned a level 2 spell: Passwall
   786 | D:1      | Reached XP level 3. HP: 19/19 MP: 4/6
   789 | D:1      | Reached skill level 5 in Earth Magic
   793 | D:1      | Learned a level 3 spell: Stone Arrow
  1327 | D:2      | Found a runed translucent door.
  1328 | D:2      | Noticed Crazy Yiuf
  1663 | D:2      | Reached XP level 4. HP: 24/24 MP: 5/7
  1704 | D:2      | Killed from afar by an orc wizard

Illustrated notes

Levels and vault maps discovered:
D:1:      minmay_arrival_stair_chambers, layout_basic
D:2:      minmay_wonky_spiral, layout_basic, minmay_shallow_snake_nest,
          uniq_crazy_yiuf_cottage

Skill      XL: |  1  2  3 |
---------------+----------+-----
Earth Magic    | 4 5 |  5.8
Dodging        | |  1.5
Stealth        | |  2.1
Spellcasting   | |  2.0
Transmutations | |  0.7

Action                   |  1- 3 |  4- 6 || total
-------------------------+-------+-------++-------
Melee: Unarmed           |     1 |       ||     1
       Quarterstaff      |       |     7 ||     7
 Cast: Sandblast         |    58 |     9 ||    67
       Stone Arrow       |     3 |       ||     3
Armor: Robe              |     4 |     4 ||     8
Dodge: Dodged            |     8 |     4 ||    12

Table legend: (Time is in decaauts)
 A = Elapsed time spent in this place.
 B = Non-inter-level travel time spent in this place.
 C = Inter-level travel time spent in this place.
 D = Time resting spent in this place.
 E = Time spent auto-exploring this place.
 F = Levels seen in this place.
 G = Mean time per level.
                   A        B        C        D        E       F      G
               +--------+--------+--------+--------+--------+-----+--------+
         Total |   1735 |   1708 |     27 |     41 |   1321 |   2 |  867.5 |
       Dungeon |   1735 |   1708 |     27 |     41 |   1321 |   2 |  867.5 |
               +--------+--------+--------+--------+--------+-----+--------+

Top non-repeatable levels by time:
     D:1: 1149 daAuts
     D:2: 586 daAuts
